Workbook

Sheet Yearly Budget
B2: MONTHLY BUDGET
B3: YEAR: | C3: 2026
B5: CASH AVAILABLE | C5: JAN | D5: FEB | E5: MAR | F5: APR | G5: MAY | H5: JUN | I5: JUL | J5: AUG | K5: SEP | L5: OCT | M5: NOV | N5: DEC | O5: YTD | P5: TREND
B6: Monthly Cash | C6: =C12-C29-C37 -> 0 | D6: =D12-D29-D37 -> 0 | E6: =E12-E29-E37 -> 0 | F6: =F12-F29-F37 -> 0 | G6: =G12-G29-G37 -> 0 | H6: =H12-H29-H37 -> 0 | I6: =I12-I29-I37 -> 0 | J6: =J12-J29-J37 -> 0 | ... N6: =N12-N29-N37 -> 0 | O6: =SUM(C6:N6) -> 0
B8: INCOME TYPE | C8: JAN | D8: FEB | E8: MAR | F8: APR | G8: MAY | H8: JUN | I8: JUL | J8: AUG | K8: SEP | L8: OCT | M8: NOV | N8: DEC | O8: YTD | P8: TREND
B9: PRIMARY Income | C9: =January!G5 -> 0 | D9: =February!G5 -> 0 | E9: =March!G5 -> 0 | F9: =April!G5 -> 0 | G9: =May!G5 -> 0 | H9: =June!G5 -> 0 | I9: =July!G5 -> 0 | J9: =August!G5 -> 0 | K9: =September!G5 -> 0 | L9: =October!G5 -> 0 | M9: =November!G5 -> 0 | N9: =December!G5 -> 0 | O9: =SUM(C9:N9) -> 0
B10: JOINT Income | C10: =January!G6 -> 0 | D10: =February!G6 -> 0 | E10: =March!G6 -> 0 | F10: =April!G6 -> 0 | G10: =May!G6 -> 0 | H10: =June!G6 -> 0 | I10: =July!G6 -> 0 | J10: =August!G6 -> 0 | K10: =September!G6 -> 0 | L10: =October!G6 -> 0 | M10: =November!G6 -> 0 | N10: =December!G6 -> 0 | O10: =SUM(C10:N10) -> 0
B11: OTHER Income | C11: =January!G7 -> 0 | D11: =February!G7 -> 0 | E11: =March!G7 -> 0 | F11: =April!G7 -> 0 | G11: =May!G7 -> 0 | H11: =June!G7 -> 0 | I11: =July!G7 -> 0 | J11: =August!G7 -> 0 | K11: =September!G7 -> 0 | L11: =October!G7 -> 0 | M11: =November!G7 -> 0 | N11: =December!G7 -> 0 | O11: =SUM(C11:N11) -> 0
B12: TOTAL INCOME | C12: =January!G8 -> 0 | D12: =February!G8 -> 0 | E12: =March!G8 -> 0 | F12: =April!G8 -> 0 | G12: =May!G8 -> 0 | H12: =June!G8 -> 0 | I12: =July!G8 -> 0 | J12: =August!G8 -> 0 | K12: =September!G8 -> 0 | L12: =October!G8 -> 0 | M12: =November!G8 -> 0 | N12: =December!G8 -> 0 | O12: =SUM(C12:N12) -> 0
B14: EXPENSES | C14: JAN | D14: FEB | E14: MAR | F14: APR | G14: MAY | H14: JUN | I14: JUL | J14: AUG | K14: SEP | L14: OCT | M14: NOV | N14: DEC | O14: YTD | P14: TREND
B15: Housing (Rent or Mortgage) | C15: =January!G11 -> 0 | D15: =February!G11 -> 0 | E15: =March!G11 -> 0 | F15: =April!G11 -> 0 | G15: =May!G11 -> 0 | H15: =June!G11 -> 0 | I15: =July!G11 -> 0 | J15: =August!G11 -> 0 | K15: =September!G11 -> 0 | L15: =October!G11 -> 0 | M15: =November!G11 -> 0 | N15: =December!G11 -> 0 | O15: =SUM(C15:N15) -> 0
B16: Grocery | C16: =January!G12 -> 0 | D16: =February!G12 -> 0 | E16: =March!G12 -> 0 | F16: =April!G12 -> 0 | G16: =May!G12 -> 0 | H16: =June!G12 -> 0 | I16: =July!G12 -> 0 | J16: =August!G12 -> 0 | K16: =September!G12 -> 0 | L16: =October!G12 -> 0 | M16: =November!G12 -> 0 | N16: =December!G12 -> 0 | O16: =SUM(C16:N16) -> 0
B17: Car Payment | C17: =January!G13 -> 0 | D17: =February!G13 -> 0 | E17: =March!G13 -> 0 | F17: =April!G13 -> 0 | G17: =May!G13 -> 0 | H17: =June!G13 -> 0 | I17: =July!G13 -> 0 | J17: =August!G13 -> 0 | K17: =September!G13 -> 0 | L17: =October!G13 -> 0 | M17: =November!G13 -> 0 | N17: =December!G13 -> 0 | O17: =SUM(C17:N17) -> 0
B18: Insurance | C18: =January!G14 -> 0 | D18: =February!G14 -> 0 | E18: =March!G14 -> 0 | F18: =April!G14 -> 0 | G18: =May!G14 -> 0 | H18: =June!G14 -> 0 | I18: =July!G14 -> 0 | J18: =August!G14 -> 0 | K18: =September!G14 -> 0 | L18: =October!G14 -> 0 | M18: =November!G14 -> 0 | N18: =December!G14 -> 0 | O18: =SUM(C18:N18) -> 0
B19: House Insurance | C19: =January!G15 -> 0 | D19: =February!G15 -> 0 | E19: =March!G15 -> 0 | F19: =April!G15 -> 0 | G19: =May!G15 -> 0 | H19: =June!G15 -> 0 | I19: =July!G15 -> 0 | J19: =August!G15 -> 0 | K19: =September!G15 -> 0 | L19: =October!G15 -> 0 | M19: =November!G15 -> 0 | N19: =December!G15 -> 0 | O19: =SUM(C19:N19) -> 0
B20: Student Loan | C20: =January!G16 -> 0 | D20: =February!G16 -> 0 | E20: =March!G16 -> 0 | F20: =April!G16 -> 0 | G20: =May!G16 -> 0 | H20: =June!G16 -> 0 | I20: =July!G16 -> 0 | J20: =August!G16 -> 0 | K20: =September!G16 -> 0 | L20: =October!G16 -> 0 | M20: =November!G16 -> 0 | N20: =December!G16 -> 0 | O20: =SUM(C20:N20) -> 0
B21: Cell Phone | C21: =January!G17 -> 0 | D21: =February!G17 -> 0 | E21: =March!G17 -> 0 | F21: =April!G17 -> 0 | G21: =May!G17 -> 0 | H21: =June!G17 -> 0 | I21: =July!G17 -> 0 | J21: =August!G17 -> 0 | K21: =September!G17 -> 0 | L21: =October!G17 -> 0 | M21: =November!G17 -> 0 | N21: =December!G17 -> 0 | O21: =SUM(C21:N21) -> 0
B22: Cable/Streaming | C22: =January!G18 -> 0 | D22: =February!G18 -> 0 | E22: =March!G18 -> 0 | F22: =April!G18 -> 0 | G22: =May!G18 -> 0 | H22: =June!G18 -> 0 | I22: =July!G18 -> 0 | J22: =August!G18 -> 0 | K22: =September!G18 -> 0 | L22: =October!G18 -> 0 | M22: =November!G18 -> 0 | N22: =December!G18 -> 0 | O22: =SUM(C22:N22) -> 0
B23: Internet | C23: =January!G19 -> 0 | D23: =February!G19 -> 0 | E23: =March!G19 -> 0 | F23: =April!G19 -> 0 | G23: =May!G19 -> 0 | H23: =June!G19 -> 0 | I23: =July!G19 -> 0 | J23: =August!G19 -> 0 | K23: =September!G19 -> 0 | L23: =October!G19 -> 0 | M23: =November!G19 -> 0 | N23: =December!G19 -> 0 | O23: =SUM(C23:N23) -> 0
B24: Electricity | C24: =January!G20 -> 0 | D24: =February!G20 -> 0 | E24: =March!G20 -> 0 | F24: =April!G20 -> 0 | G24: =May!G20 -> 0 | H24: =June!G20 -> 0 | I24: =July!G20 -> 0 | J24: =August!G20 -> 0 | K24: =September!G20 -> 0 | L24: =October!G20 -> 0 | M24: =November!G20 -> 0 | N24: =December!G20 -> 0 | O24: =SUM(C24:N24) -> 0
B25: Water | C25: =January!G21 -> 0 | D25: =February!G21 -> 0 | E25: =March!G21 -> 0 | F25: =April!G21 -> 0 | G25: =May!G21 -> 0 | H25: =June!G21 -> 0 | I25: =July!G21 -> 0 | J25: =August!G21 -> 0 | K25: =September!G21 -> 0 | L25: =October!G21 -> 0 | M25: =November!G21 -> 0 | N25: =December!G21 -> 0 | O25: =SUM(C25:N25) -> 0
B26: Gas for Vehicles | C26: =January!G22 -> 0 | D26: =February!G22 -> 0 | E26: =March!G22 -> 0 | F26: =April!G22 -> 0 | G26: =May!G22 -> 0 | H26: =June!G22 -> 0 | I26: =July!G22 -> 0 | J26: =August!G22 -> 0 | K26: =September!G22 -> 0 | L26: =October!G22 -> 0 | M26: =November!G22 -> 0 | N26: =December!G22 -> 0 | O26: =SUM(C26:N26) -> 0
... B29: TOTAL EXPENSES | C29: =January!G25 -> 0 | D29: =February!G25 -> 0 | E29: =March!G25 -> 0 | F29: =April!G25 -> 0 | G29: =May!G25 -> 0 | H29: =June!G25 -> 0 | I29: =July!G25 -> 0 | J29: =August!G25 -> 0 | K29: =September!G25 -> 0 | L29: =October!G25 -> 0 | M29: =November!G25 -> 0 | N29: =December!G25 -> 0 | O29: =SUM(C29:N29) -> 0
B31: DISCRETIONARY EXPENSES | C31: JAN | D31: FEB | E31: MAR | F31: APR | G31: MAY | H31: JUN | I31: JUL | J31: AUG | K31: SEP | L31: OCT | M31: NOV | N31: DEC | O31: YTD | P31: TREND
B32: Clothes | C32: =January!G28 -> 0 | D32: =February!G28 -> 0 | E32: =March!G28 -> 0 | F32: =April!G28 -> 0 | G32: =May!G28 -> 0 | H32: =June!G28 -> 0 | I32: =July!G28 -> 0 | J32: =August!G28 -> 0 | K32: =September!G28 -> 0 | L32: =October!G28 -> 0 | M32: =November!G28 -> 0 | N32: =December!G28 -> 0 | O32: =SUM(C32:N32) -> 0
B33: Dining | C33: =January!G29 -> 0 | D33: =February!G29 -> 0 | E33: =March!G29 -> 0 | F33: =April!G29 -> 0 | G33: =May!G29 -> 0 | H33: =June!G29 -> 0 | I33: =July!G29 -> 0 | J33: =August!G29 -> 0 | K33: =September!G29 -> 0 | L33: =October!G29 -> 0 | M33: =November!G29 -> 0 | N33: =December!G29 -> 0 | O33: =SUM(C33:N33) -> 0
B34: Entertainment | C34: =January!G30 -> 0 | D34: =February!G30 -> 0 | E34: =March!G30 -> 0 | F34: =April!G30 -> 0 | G34: =May!G30 -> 0 | H34: =June!G30 -> 0 | I34: =July!G30 -> 0 | J34: =August!G30 -> 0 | K34: =September!G30 -> 0 | L34: =October!G30 -> 0 | M34: =November!G30 -> 0 | N34: =December!G30 -> 0 | O34: =SUM(C34:N34) -> 0
B35: Travel | C35: =January!G31 -> 0 | D35: =February!G31 -> 0 | E35: =March!G31 -> 0 | F35: =April!G31 -> 0 | G35: =May!G31 -> 0 | H35: =June!G31 -> 0 | I35: =July!G31 -> 0 | J35: =August!G31 -> 0 | K35: =September!G31 -> 0 | L35: =October!G31 -> 0 | M35: =November!G31 -> 0 | N35: =December!G31 -> 0 | O35: =SUM(C35:N35) -> 0
B36: Fitness | C36: =January!G32 -> 0 | D36: =February!G32 -> 0 | E36: =March!G32 -> 0 | F36: =April!G32 -> 0 | G36: =May!G32 -> 0 | H36: =June!G32 -> 0 | I36: =July!G32 -> 0 | J36: =August!G32 -> 0 | K36: =September!G32 -> 0 | L36: =October!G32 -> 0 | M36: =November!G32 -> 0 | N36: =December!G32 -> 0 | O36: =SUM(C36:N36) -> 0
B37: TOTAL DISCRETIONARY | C37: =January!G33 -> 0 | D37: =February!G33 -> 0 | E37: =March!G33 -> 0 | F37: =April!G33 -> 0 | G37: =May!G33 -> 0 | H37: =June!G33 -> 0 | I37: =July!G33 -> 0 | J37: =August!G33 -> 0 | K37: =September!G33 -> 0 | L37: =October!G33 -> 0 | M37: =November!G33 -> 0 | N37: =December!G33 -> 0 | O37: =SUM(C37:N37) -> 0
B39: CLICK SHEET TAB BELOW TO VIEW MONTHLY DETAILS:
C40: =HYPERLINK("#'January'!B3","JAN") -> JAN | D40: =HYPERLINK("#'February'!B3","FEB") -> FEB | E40: =HYPERLINK("#'March'!B3","MAR") -> MAR | F40: =HYPERLINK("#'April'!B3","APR") -> APR | G40: =HYPERLINK("#'May'!B3","MAY") -> MAY | H40: =HYPERLINK("#'June'!B3","JUN") -> JUN | I40: =HYPERLINK("#'July'!B3","JUL") -> JUL | J40: =HYPERLINK("#'August'!B3","AUG") -> AUG | K40: =HYPERLINK("#'September'!B3","SEP") -> SEP | L40: =HYPERLINK("#'January'!B3","OCT") -> OCT | M40: =HYPERLINK("#'November'!B3","NOV") -> NOV | N40: =HYPERLINK("#'December'!B3","DEC") -> DEC

Sheet January
B1: =HYPERLINK("#'Yearly Budget'!B3","← Back to Monthly Budget") -> ← Back to Monthly Budget
B2: JANUARY 2026 - WEEKLY BUDGET
B4: INCOME TYPE | C4: Week 1 | D4: Week 2 | E4: Week 3 | F4: Week 4 | G4: MONTHLY TOTAL
B5: PRIMARY Income | C5: 0 | D5: 0 | E5: 0 | F5: 0 | G5: =SUM(C5:F5) -> 0
B6: JOINT Income | C6: 0 | D6: 0 | E6: 0 | F6: 0 | G6: =SUM(C6:F6) -> 0
B7: OTHER Income | C7: 0 | D7: 0 | E7: 0 | F7: 0 | G7: =SUM(C7:F7) -> 0
B8: TOTAL INCOME | C8: =SUM(C5:C7) -> 0 | D8: =SUM(D5:D7) -> 0 | E8: =SUM(E5:E7) -> 0 | F8: =SUM(F5:F7) -> 0 | G8: =SUM(C8:F8) -> 0
B10: EXPENSES | C10: Week 1 | D10: Week 2 | E10: Week 3 | F10: Week 4 | G10: MONTHLY TOTAL
B11: Housing (Rent or Mortgage) | C11: 0 | D11: 0 | E11: 0 | F11: 0 | G11: =SUM(C11:F11) -> 0
B12: Grocery | C12: 0 | D12: 0 | E12: 0 | F12: 0 | G12: =SUM(C12:F12) -> 0
B13: Car Payment | C13: 0 | D13: 0 | E13: 0 | F13: 0 | G13: =SUM(C13:F13) -> 0
B14: Insurance | C14: 0 | D14: 0 | E14: 0 | F14: 0 | G14: =SUM(C14:F14) -> 0
B15: House Insurance | C15: 0 | D15: 0 | E15: 0 | F15: 0 | G15: =SUM(C15:F15) -> 0
B16: Student Loan | C16: 0 | D16: 0 | E16: 0 | F16: 0 | G16: =SUM(C16:F16) -> 0
B17: Cell Phone | C17: 0 | D17: 0 | E17: 0 | F17: 0 | G17: =SUM(C17:F17) -> 0
B18: Cable/Streaming | C18: 0 | D18: 0 | E18: 0 | F18: 0 | G18: =SUM(C18:F18) -> 0
B19: Internet | C19: 0 | D19: 0 | E19: 0 | F19: 0 | G19: =SUM(C19:F19) -> 0
B20: Electricity | C20: 0 | D20: 0 | E20: 0 | F20: 0 | G20: =SUM(C20:F20) -> 0
B21: Water | C21: 0 | D21: 0 | E21: 0 | F21: 0 | G21: =SUM(C21:F21) -> 0
B22: Gas for Vehicles | C22: 0 | D22: 0 | E22: 0 | F22: 0 | G22: =SUM(C22:F22) -> 0
... B24: Savings | C24: 0 | D24: 0 | E24: 0 | F24: 0 | G24: =SUM(C24:F24) -> 0
B25: TOTAL EXPENSES | C25: =SUM(C11:C24) -> 0 | D25: =SUM(D11:D24) -> 0 | E25: =SUM(E11:E24) -> 0 | F25: =SUM(F11:F24) -> 0 | G25: =SUM(C25:F25) -> 0
B27: DISCRETIONARY EXPENSES | C27: Week 1 | D27: Week 2 | E27: Week 3 | F27: Week 4 | G27: MONTHLY TOTAL
B28: Clothes | C28: 0 | D28: 0 | E28: 0 | F28: 0 | G28: =SUM(C28:F28) -> 0
B29: Dining | C29: 0 | D29: 0 | E29: 0 | F29: 0 | G29: =SUM(C29:F29) -> 0
B30: Entertainment | C30: 0 | D30: 0 | E30: 0 | F30: 0 | G30: =SUM(C30:F30) -> 0
B31: Travel | C31: 0 | D31: 0 | E31: 0 | F31: 0 | G31: =SUM(C31:F31) -> 0
B32: Fitness | C32: 0 | D32: 0 | E32: 0 | F32: 0 | G32: =SUM(C32:F32) -> 0
B33: TOTAL DISCRETIONARY | C33: =SUM(C28:C32) -> 0 | D33: =SUM(D28:D32) -> 0 | E33: =SUM(E28:E32) -> 0 | F33: =SUM(F28:F32) -> 0 | G33: =SUM(C33:F33) -> 0
B35: CASH AVAILABLE | C35: Week 1 | D35: Week 2 | E35: Week 3 | F35: Week 4 | G35: MONTHLY TOTAL
B36: Monthly Cash | C36: =C8-C25-C33 -> 0 | D36: =D8-D25-D33 -> 0 | E36: =E8-E25-E33 -> 0 | F36: =F8-F25-F33 -> 0 | G36: =SUM(C36:F36) -> 0

Sheet March
B1: =HYPERLINK("#'Yearly Budget'!B3","← Back to Monthly Budget") -> ← Back to Monthly Budget
B2: MARCH 2026 - WEEKLY BUDGET
B4: INCOME TYPE | C4: Week 1 | D4: Week 2 | E4: Week 3 | F4: Week 4 | G4: MONTHLY TOTAL
B5: PRIMARY Income | C5: 0 | D5: 0 | E5: 0 | F5: 0 | G5: =SUM(C5:F5) -> 0
B6: JOINT Income | C6: 0 | D6: 0 | E6: 0 | F6: 0 | G6: =SUM(C6:F6) -> 0
B7: OTHER Income | C7: 0 | D7: 0 | E7: 0 | F7: 0 | G7: =SUM(C7:F7) -> 0
B8: TOTAL INCOME | C8: =SUM(C5:C7) -> 0 | D8: =SUM(D5:D7) -> 0 | E8: =SUM(E5:E7) -> 0 | F8: =SUM(F5:F7) -> 0 | G8: =SUM(C8:F8) -> 0
B10: EXPENSES | C10: Week 1 | D10: Week 2 | E10: Week 3 | F10: Week 4 | G10: MONTHLY TOTAL
B11: Housing (Rent or Mortgage) | C11: 0 | D11: 0 | E11: 0 | F11: 0 | G11: =SUM(C11:F11) -> 0
B12: Grocery | C12: 0 | D12: 0 | E12: 0 | F12: 0 | G12: =SUM(C12:F12) -> 0
B13: Car Payment | C13: 0 | D13: 0 | E13: 0 | F13: 0 | G13: =SUM(C13:F13) -> 0
B14: Insurance | C14: 0 | D14: 0 | E14: 0 | F14: 0 | G14: =SUM(C14:F14) -> 0
B15: House Insurance | C15: 0 | D15: 0 | E15: 0 | F15: 0 | G15: =SUM(C15:F15) -> 0
B16: Student Loan | C16: 0 | D16: 0 | E16: 0 | F16: 0 | G16: =SUM(C16:F16) -> 0
B17: Cell Phone | C17: 0 | D17: 0 | E17: 0 | F17: 0 | G17: =SUM(C17:F17) -> 0
B18: Cable/Streaming | C18: 0 | D18: 0 | E18: 0 | F18: 0 | G18: =SUM(C18:F18) -> 0
B19: Internet | C19: 0 | D19: 0 | E19: 0 | F19: 0 | G19: =SUM(C19:F19) -> 0
B20: Electricity | C20: 0 | D20: 0 | E20: 0 | F20: 0 | G20: =SUM(C20:F20) -> 0
B21: Water | C21: 0 | D21: 0 | E21: 0 | F21: 0 | G21: =SUM(C21:F21) -> 0
B22: Gas for Vehicles | C22: 0 | D22: 0 | E22: 0 | F22: 0 | G22: =SUM(C22:F22) -> 0
... B24: Savings | C24: 0 | D24: 0 | E24: 0 | F24: 0 | G24: =SUM(C24:F24) -> 0
B25: TOTAL EXPENSES | C25: =SUM(C11:C24) -> 0 | D25: =SUM(D11:D24) -> 0 | E25: =SUM(E11:E24) -> 0 | F25: =SUM(F11:F24) -> 0 | G25: =SUM(C25:F25) -> 0
B27: DISCRETIONARY EXPENSES | C27: Week 1 | D27: Week 2 | E27: Week 3 | F27: Week 4 | G27: MONTHLY TOTAL
B28: Clothes | C28: 0 | D28: 0 | E28: 0 | F28: 0 | G28: =SUM(C28:F28) -> 0
B29: Dining | C29: 0 | D29: 0 | E29: 0 | F29: 0 | G29: =SUM(C29:F29) -> 0
B30: Entertainment | C30: 0 | D30: 0 | E30: 0 | F30: 0 | G30: =SUM(C30:F30) -> 0
B31: Travel | C31: 0 | D31: 0 | E31: 0 | F31: 0 | G31: =SUM(C31:F31) -> 0
B32: Fitness | C32: 0 | D32: 0 | E32: 0 | F32: 0 | G32: =SUM(C32:F32) -> 0
B33: TOTAL DISCRETIONARY | C33: =SUM(C28:C32) -> 0 | D33: =SUM(D28:D32) -> 0 | E33: =SUM(E28:E32) -> 0 | F33: =SUM(F28:F32) -> 0 | G33: =SUM(C33:F33) -> 0
B35: CASH AVAILABLE | C35: Week 1 | D35: Week 2 | E35: Week 3 | F35: Week 4 | G35: MONTHLY TOTAL
B36: Monthly Cash | C36: =C8-C25-C33 -> 0 | D36: =D8-D25-D33 -> 0 | E36: =E8-E25-E33 -> 0 | F36: =F8-F25-F33 -> 0 | G36: =SUM(C36:F36) -> 0

Sheet February
B1: =HYPERLINK("#'Yearly Budget'!B3","← Back to Monthly Budget") -> ← Back to Monthly Budget
B2: FEBRUARY 2026 - WEEKLY BUDGET
B4: INCOME TYPE | C4: Week 1 | D4: Week 2 | E4: Week 3 | F4: Week 4 | G4: MONTHLY TOTAL
B5: PRIMARY Income | C5: 0 | D5: 0 | E5: 0 | F5: 0 | G5: =SUM(C5:F5) -> 0
B6: JOINT Income | C6: 0 | D6: 0 | E6: 0 | F6: 0 | G6: =SUM(C6:F6) -> 0
B7: OTHER Income | C7: 0 | D7: 0 | E7: 0 | F7: 0 | G7: =SUM(C7:F7) -> 0
B8: TOTAL INCOME | C8: =SUM(C5:C7) -> 0 | D8: =SUM(D5:D7) -> 0 | E8: =SUM(E5:E7) -> 0 | F8: =SUM(F5:F7) -> 0 | G8: =SUM(C8:F8) -> 0
B10: EXPENSES | C10: Week 1 | D10: Week 2 | E10: Week 3 | F10: Week 4 | G10: MONTHLY TOTAL
B11: Housing (Rent or Mortgage) | C11: 0 | D11: 0 | E11: 0 | F11: 0 | G11: =SUM(C11:F11) -> 0
B12: Grocery | C12: 0 | D12: 0 | E12: 0 | F12: 0 | G12: =SUM(C12:F12) -> 0
B13: Car Payment | C13: 0 | D13: 0 | E13: 0 | F13: 0 | G13: =SUM(C13:F13) -> 0
B14: Insurance | C14: 0 | D14: 0 | E14: 0 | F14: 0 | G14: =SUM(C14:F14) -> 0
B15: House Insurance | C15: 0 | D15: 0 | E15: 0 | F15: 0 | G15: =SUM(C15:F15) -> 0
B16: Student Loan | C16: 0 | D16: 0 | E16: 0 | F16: 0 | G16: =SUM(C16:F16) -> 0
B17: Cell Phone | C17: 0 | D17: 0 | E17: 0 | F17: 0 | G17: =SUM(C17:F17) -> 0
B18: Cable/Streaming | C18: 0 | D18: 0 | E18: 0 | F18: 0 | G18: =SUM(C18:F18) -> 0
B19: Internet | C19: 0 | D19: 0 | E19: 0 | F19: 0 | G19: =SUM(C19:F19) -> 0
B20: Electricity | C20: 0 | D20: 0 | E20: 0 | F20: 0 | G20: =SUM(C20:F20) -> 0
B21: Water | C21: 0 | D21: 0 | E21: 0 | F21: 0 | G21: =SUM(C21:F21) -> 0
B22: Gas for Vehicles | C22: 0 | D22: 0 | E22: 0 | F22: 0 | G22: =SUM(C22:F22) -> 0
... B24: Savings | C24: 0 | D24: 0 | E24: 0 | F24: 0 | G24: =SUM(C24:F24) -> 0
B25: TOTAL EXPENSES | C25: =SUM(C11:C24) -> 0 | D25: =SUM(D11:D24) -> 0 | E25: =SUM(E11:E24) -> 0 | F25: =SUM(F11:F24) -> 0 | G25: =SUM(C25:F25) -> 0
B27: DISCRETIONARY EXPENSES | C27: Week 1 | D27: Week 2 | E27: Week 3 | F27: Week 4 | G27: MONTHLY TOTAL
B28: Clothes | C28: 0 | D28: 0 | E28: 0 | F28: 0 | G28: =SUM(C28:F28) -> 0
B29: Dining | C29: 0 | D29: 0 | E29: 0 | F29: 0 | G29: =SUM(C29:F29) -> 0
B30: Entertainment | C30: 0 | D30: 0 | E30: 0 | F30: 0 | G30: =SUM(C30:F30) -> 0
B31: Travel | C31: 0 | D31: 0 | E31: 0 | F31: 0 | G31: =SUM(C31:F31) -> 0
B32: Fitness | C32: 0 | D32: 0 | E32: 0 | F32: 0 | G32: =SUM(C32:F32) -> 0
B33: TOTAL DISCRETIONARY | C33: =SUM(C28:C32) -> 0 | D33: =SUM(D28:D32) -> 0 | E33: =SUM(E28:E32) -> 0 | F33: =SUM(F28:F32) -> 0 | G33: =SUM(C33:F33) -> 0
B35: CASH AVAILABLE | C35: Week 1 | D35: Week 2 | E35: Week 3 | F35: Week 4 | G35: MONTHLY TOTAL
B36: Monthly Cash | C36: =C8-C25-C33 -> 0 | D36: =D8-D25-D33 -> 0 | E36: =E8-E25-E33 -> 0 | F36: =F8-F25-F33 -> 0 | G36: =SUM(C36:F36) -> 0

Sheet April
B1: =HYPERLINK("#'Yearly Budget'!B3","← Back to Monthly Budget") -> ← Back to Monthly Budget
B2: APRIL 2026 - WEEKLY BUDGET
B4: INCOME TYPE | C4: Week 1 | D4: Week 2 | E4: Week 3 | F4: Week 4 | G4: MONTHLY TOTAL
B5: PRIMARY Income | C5: 0 | D5: 0 | E5: 0 | F5: 0 | G5: =SUM(C5:F5) -> 0
B6: JOINT Income | C6: 0 | D6: 0 | E6: 0 | F6: 0 | G6: =SUM(C6:F6) -> 0
B7: OTHER Income | C7: 0 | D7: 0 | E7: 0 | F7: 0 | G7: =SUM(C7:F7) -> 0
B8: TOTAL INCOME | C8: =SUM(C5:C7) -> 0 | D8: =SUM(D5:D7) -> 0 | E8: =SUM(E5:E7) -> 0 | F8: =SUM(F5:F7) -> 0 | G8: =SUM(C8:F8) -> 0
B10: EXPENSES | C10: Week 1 | D10: Week 2 | E10: Week 3 | F10: Week 4 | G10: MONTHLY TOTAL
B11: Housing (Rent or Mortgage) | C11: 0 | D11: 0 | E11: 0 | F11: 0 | G11: =SUM(C11:F11) -> 0
B12: Grocery | C12: 0 | D12: 0 | E12: 0 | F12: 0 | G12: =SUM(C12:F12) -> 0
B13: Car Payment | C13: 0 | D13: 0 | E13: 0 | F13: 0 | G13: =SUM(C13:F13) -> 0
B14: Insurance | C14: 0 | D14: 0 | E14: 0 | F14: 0 | G14: =SUM(C14:F14) -> 0
B15: House Insurance | C15: 0 | D15: 0 | E15: 0 | F15: 0 | G15: =SUM(C15:F15) -> 0
B16: Student Loan | C16: 0 | D16: 0 | E16: 0 | F16: 0 | G16: =SUM(C16:F16) -> 0
B17: Cell Phone | C17: 0 | D17: 0 | E17: 0 | F17: 0 | G17: =SUM(C17:F17) -> 0
B18: Cable/Streaming | C18: 0 | D18: 0 | E18: 0 | F18: 0 | G18: =SUM(C18:F18) -> 0
B19: Internet | C19: 0 | D19: 0 | E19: 0 | F19: 0 | G19: =SUM(C19:F19) -> 0
B20: Electricity | C20: 0 | D20: 0 | E20: 0 | F20: 0 | G20: =SUM(C20:F20) -> 0
B21: Water | C21: 0 | D21: 0 | E21: 0 | F21: 0 | G21: =SUM(C21:F21) -> 0
B22: Gas for Vehicles | C22: 0 | D22: 0 | E22: 0 | F22: 0 | G22: =SUM(C22:F22) -> 0
... B24: Savings | C24: 0 | D24: 0 | E24: 0 | F24: 0 | G24: =SUM(C24:F24) -> 0
B25: TOTAL EXPENSES | C25: =SUM(C11:C24) -> 0 | D25: =SUM(D11:D24) -> 0 | E25: =SUM(E11:E24) -> 0 | F25: =SUM(F11:F24) -> 0 | G25: =SUM(C25:F25) -> 0
B27: DISCRETIONARY EXPENSES | C27: Week 1 | D27: Week 2 | E27: Week 3 | F27: Week 4 | G27: MONTHLY TOTAL
B28: Clothes | C28: 0 | D28: 0 | E28: 0 | F28: 0 | G28: =SUM(C28:F28) -> 0
B29: Dining | C29: 0 | D29: 0 | E29: 0 | F29: 0 | G29: =SUM(C29:F29) -> 0
B30: Entertainment | C30: 0 | D30: 0 | E30: 0 | F30: 0 | G30: =SUM(C30:F30) -> 0
B31: Travel | C31: 0 | D31: 0 | E31: 0 | F31: 0 | G31: =SUM(C31:F31) -> 0
B32: Fitness | C32: 0 | D32: 0 | E32: 0 | F32: 0 | G32: =SUM(C32:F32) -> 0
B33: TOTAL DISCRETIONARY | C33: =SUM(C28:C32) -> 0 | D33: =SUM(D28:D32) -> 0 | E33: =SUM(E28:E32) -> 0 | F33: =SUM(F28:F32) -> 0 | G33: =SUM(C33:F33) -> 0
B35: CASH AVAILABLE | C35: Week 1 | D35: Week 2 | E35: Week 3 | F35: Week 4 | G35: MONTHLY TOTAL
B36: Monthly Cash | C36: =C8-C25-C33 -> 0 | D36: =D8-D25-D33 -> 0 | E36: =E8-E25-E33 -> 0 | F36: =F8-F25-F33 -> 0 | G36: =SUM(C36:F36) -> 0

Sheet May
B1: =HYPERLINK("#'Yearly Budget'!B3","← Back to Monthly Budget") -> ← Back to Monthly Budget
B2: MAY 2026 - WEEKLY BUDGET
B4: INCOME TYPE | C4: Week 1 | D4: Week 2 | E4: Week 3 | F4: Week 4 | G4: MONTHLY TOTAL
B5: PRIMARY Income | C5: 0 | D5: 0 | E5: 0 | F5: 0 | G5: =SUM(C5:F5) -> 0
B6: JOINT Income | C6: 0 | D6: 0 | E6: 0 | F6: 0 | G6: =SUM(C6:F6) -> 0
B7: OTHER Income | C7: 0 | D7: 0 | E7: 0 | F7: 0 | G7: =SUM(C7:F7) -> 0
B8: TOTAL INCOME | C8: =SUM(C5:C7) -> 0 | D8: =SUM(D5:D7) -> 0 | E8: =SUM(E5:E7) -> 0 | F8: =SUM(F5:F7) -> 0 | G8: =SUM(C8:F8) -> 0
B10: EXPENSES | C10: Week 1 | D10: Week 2 | E10: Week 3 | F10: Week 4 | G10: MONTHLY TOTAL
B11: Housing (Rent or Mortgage) | C11: 0 | D11: 0 | E11: 0 | F11: 0 | G11: =SUM(C11:F11) -> 0
B12: Grocery | C12: 0 | D12: 0 | E12: 0 | F12: 0 | G12: =SUM(C12:F12) -> 0
B13: Car Payment | C13: 0 | D13: 0 | E13: 0 | F13: 0 | G13: =SUM(C13:F13) -> 0
B14: Insurance | C14: 0 | D14: 0 | E14: 0 | F14: 0 | G14: =SUM(C14:F14) -> 0
B15: House Insurance | C15: 0 | D15: 0 | E15: 0 | F15: 0 | G15: =SUM(C15:F15) -> 0
B16: Student Loan | C16: 0 | D16: 0 | E16: 0 | F16: 0 | G16: =SUM(C16:F16) -> 0
B17: Cell Phone | C17: 0 | D17: 0 | E17: 0 | F17: 0 | G17: =SUM(C17:F17) -> 0
B18: Cable/Streaming | C18: 0 | D18: 0 | E18: 0 | F18: 0 | G18: =SUM(C18:F18) -> 0
B19: Internet | C19: 0 | D19: 0 | E19: 0 | F19: 0 | G19: =SUM(C19:F19) -> 0
B20: Electricity | C20: 0 | D20: 0 | E20: 0 | F20: 0 | G20: =SUM(C20:F20) -> 0
B21: Water | C21: 0 | D21: 0 | E21: 0 | F21: 0 | G21: =SUM(C21:F21) -> 0
B22: Gas for Vehicles | C22: 0 | D22: 0 | E22: 0 | F22: 0 | G22: =SUM(C22:F22) -> 0
... B24: Savings | C24: 0 | D24: 0 | E24: 0 | F24: 0 | G24: =SUM(C24:F24) -> 0
B25: TOTAL EXPENSES | C25: =SUM(C11:C24) -> 0 | D25: =SUM(D11:D24) -> 0 | E25: =SUM(E11:E24) -> 0 | F25: =SUM(F11:F24) -> 0 | G25: =SUM(C25:F25) -> 0
B27: DISCRETIONARY EXPENSES | C27: Week 1 | D27: Week 2 | E27: Week 3 | F27: Week 4 | G27: MONTHLY TOTAL
B28: Clothes | C28: 0 | D28: 0 | E28: 0 | F28: 0 | G28: =SUM(C28:F28) -> 0
B29: Dining | C29: 0 | D29: 0 | E29: 0 | F29: 0 | G29: =SUM(C29:F29) -> 0
B30: Entertainment | C30: 0 | D30: 0 | E30: 0 | F30: 0 | G30: =SUM(C30:F30) -> 0
B31: Travel | C31: 0 | D31: 0 | E31: 0 | F31: 0 | G31: =SUM(C31:F31) -> 0
B32: Fitness | C32: 0 | D32: 0 | E32: 0 | F32: 0 | G32: =SUM(C32:F32) -> 0
B33: TOTAL DISCRETIONARY | C33: =SUM(C28:C32) -> 0 | D33: =SUM(D28:D32) -> 0 | E33: =SUM(E28:E32) -> 0 | F33: =SUM(F28:F32) -> 0 | G33: =SUM(C33:F33) -> 0
B35: CASH AVAILABLE | C35: Week 1 | D35: Week 2 | E35: Week 3 | F35: Week 4 | G35: MONTHLY TOTAL
B36: Monthly Cash | C36: =C8-C25-C33 -> 0 | D36: =D8-D25-D33 -> 0 | E36: =E8-E25-E33 -> 0 | F36: =F8-F25-F33 -> 0 | G36: =SUM(C36:F36) -> 0

Sheet June
B1: =HYPERLINK("#'Yearly Budget'!B3","← Back to Monthly Budget") -> ← Back to Monthly Budget
B2: JUNE 2026 - WEEKLY BUDGET
B4: INCOME TYPE | C4: Week 1 | D4: Week 2 | E4: Week 3 | F4: Week 4 | G4: MONTHLY TOTAL
B5: PRIMARY Income | C5: 0 | D5: 0 | E5: 0 | F5: 0 | G5: =SUM(C5:F5) -> 0
B6: JOINT Income | C6: 0 | D6: 0 | E6: 0 | F6: 0 | G6: =SUM(C6:F6) -> 0
B7: OTHER Income | C7: 0 | D7: 0 | E7: 0 | F7: 0 | G7: =SUM(C7:F7) -> 0
B8: TOTAL INCOME | C8: =SUM(C5:C7) -> 0 | D8: =SUM(D5:D7) -> 0 | E8: =SUM(E5:E7) -> 0 | F8: =SUM(F5:F7) -> 0 | G8: =SUM(C8:F8) -> 0
B10: EXPENSES | C10: Week 1 | D10: Week 2 | E10: Week 3 | F10: Week 4 | G10: MONTHLY TOTAL
B11: Housing (Rent or Mortgage) | C11: 0 | D11: 0 | E11: 0 | F11: 0 | G11: =SUM(C11:F11) -> 0
B12: Grocery | C12: 0 | D12: 0 | E12: 0 | F12: 0 | G12: =SUM(C12:F12) -> 0
B13: Car Payment | C13: 0 | D13: 0 | E13: 0 | F13: 0 | G13: =SUM(C13:F13) -> 0
B14: Insurance | C14: 0 | D14: 0 | E14: 0 | F14: 0 | G14: =SUM(C14:F14) -> 0
B15: House Insurance | C15: 0 | D15: 0 | E15: 0 | F15: 0 | G15: =SUM(C15:F15) -> 0
B16: Student Loan | C16: 0 | D16: 0 | E16: 0 | F16: 0 | G16: =SUM(C16:F16) -> 0
B17: Cell Phone | C17: 0 | D17: 0 | E17: 0 | F17: 0 | G17: =SUM(C17:F17) -> 0
B18: Cable/Streaming | C18: 0 | D18: 0 | E18: 0 | F18: 0 | G18: =SUM(C18:F18) -> 0
B19: Internet | C19: 0 | D19: 0 | E19: 0 | F19: 0 | G19: =SUM(C19:F19) -> 0
B20: Electricity | C20: 0 | D20: 0 | E20: 0 | F20: 0 | G20: =SUM(C20:F20) -> 0
B21: Water | C21: 0 | D21: 0 | E21: 0 | F21: 0 | G21: =SUM(C21:F21) -> 0
B22: Gas for Vehicles | C22: 0 | D22: 0 | E22: 0 | F22: 0 | G22: =SUM(C22:F22) -> 0
... B24: Savings | C24: 0 | D24: 0 | E24: 0 | F24: 0 | G24: =SUM(C24:F24) -> 0
B25: TOTAL EXPENSES | C25: =SUM(C11:C24) -> 0 | D25: =SUM(D11:D24) -> 0 | E25: =SUM(E11:E24) -> 0 | F25: =SUM(F11:F24) -> 0 | G25: =SUM(C25:F25) -> 0
B27: DISCRETIONARY EXPENSES | C27: Week 1 | D27: Week 2 | E27: Week 3 | F27: Week 4 | G27: MONTHLY TOTAL
B28: Clothes | C28: 0 | D28: 0 | E28: 0 | F28: 0 | G28: =SUM(C28:F28) -> 0
B29: Dining | C29: 0 | D29: 0 | E29: 0 | F29: 0 | G29: =SUM(C29:F29) -> 0
B30: Entertainment | C30: 0 | D30: 0 | E30: 0 | F30: 0 | G30: =SUM(C30:F30) -> 0
B31: Travel | C31: 0 | D31: 0 | E31: 0 | F31: 0 | G31: =SUM(C31:F31) -> 0
B32: Fitness | C32: 0 | D32: 0 | E32: 0 | F32: 0 | G32: =SUM(C32:F32) -> 0
B33: TOTAL DISCRETIONARY | C33: =SUM(C28:C32) -> 0 | D33: =SUM(D28:D32) -> 0 | E33: =SUM(E28:E32) -> 0 | F33: =SUM(F28:F32) -> 0 | G33: =SUM(C33:F33) -> 0
B35: CASH AVAILABLE | C35: Week 1 | D35: Week 2 | E35: Week 3 | F35: Week 4 | G35: MONTHLY TOTAL
B36: Monthly Cash | C36: =C8-C25-C33 -> 0 | D36: =D8-D25-D33 -> 0 | E36: =E8-E25-E33 -> 0 | F36: =F8-F25-F33 -> 0 | G36: =SUM(C36:F36) -> 0

Sheet July
B1: =HYPERLINK("#'Yearly Budget'!B3","← Back to Monthly Budget") -> ← Back to Monthly Budget
B2: JULY 2026 - WEEKLY BUDGET
B4: INCOME TYPE | C4: Week 1 | D4: Week 2 | E4: Week 3 | F4: Week 4 | G4: MONTHLY TOTAL
B5: PRIMARY Income | C5: 0 | D5: 0 | E5: 0 | F5: 0 | G5: =SUM(C5:F5) -> 0
B6: JOINT Income | C6: 0 | D6: 0 | E6: 0 | F6: 0 | G6: =SUM(C6:F6) -> 0
B7: OTHER Income | C7: 0 | D7: 0 | E7: 0 | F7: 0 | G7: =SUM(C7:F7) -> 0
B8: TOTAL INCOME | C8: =SUM(C5:C7) -> 0 | D8: =SUM(D5:D7) -> 0 | E8: =SUM(E5:E7) -> 0 | F8: =SUM(F5:F7) -> 0 | G8: =SUM(C8:F8) -> 0
B10: EXPENSES | C10: Week 1 | D10: Week 2 | E10: Week 3 | F10: Week 4 | G10: MONTHLY TOTAL
B11: Housing (Rent or Mortgage) | C11: 0 | D11: 0 | E11: 0 | F11: 0 | G11: =SUM(C11:F11) -> 0
B12: Grocery | C12: 0 | D12: 0 | E12: 0 | F12: 0 | G12: =SUM(C12:F12) -> 0
B13: Car Payment | C13: 0 | D13: 0 | E13: 0 | F13: 0 | G13: =SUM(C13:F13) -> 0
B14: Insurance | C14: 0 | D14: 0 | E14: 0 | F14: 0 | G14: =SUM(C14:F14) -> 0
B15: House Insurance | C15: 0 | D15: 0 | E15: 0 | F15: 0 | G15: =SUM(C15:F15) -> 0
B16: Student Loan | C16: 0 | D16: 0 | E16: 0 | F16: 0 | G16: =SUM(C16:F16) -> 0
B17: Cell Phone | C17: 0 | D17: 0 | E17: 0 | F17: 0 | G17: =SUM(C17:F17) -> 0
B18: Cable/Streaming | C18: 0 | D18: 0 | E18: 0 | F18: 0 | G18: =SUM(C18:F18) -> 0
B19: Internet | C19: 0 | D19: 0 | E19: 0 | F19: 0 | G19: =SUM(C19:F19) -> 0
B20: Electricity | C20: 0 | D20: 0 | E20: 0 | F20: 0 | G20: =SUM(C20:F20) -> 0
B21: Water | C21: 0 | D21: 0 | E21: 0 | F21: 0 | G21: =SUM(C21:F21) -> 0
B22: Gas for Vehicles | C22: 0 | D22: 0 | E22: 0 | F22: 0 | G22: =SUM(C22:F22) -> 0
... B24: Savings | C24: 0 | D24: 0 | E24: 0 | F24: 0 | G24: =SUM(C24:F24) -> 0
B25: TOTAL EXPENSES | C25: =SUM(C11:C24) -> 0 | D25: =SUM(D11:D24) -> 0 | E25: =SUM(E11:E24) -> 0 | F25: =SUM(F11:F24) -> 0 | G25: =SUM(C25:F25) -> 0
B27: DISCRETIONARY EXPENSES | C27: Week 1 | D27: Week 2 | E27: Week 3 | F27: Week 4 | G27: MONTHLY TOTAL
B28: Clothes | C28: 0 | D28: 0 | E28: 0 | F28: 0 | G28: =SUM(C28:F28) -> 0
B29: Dining | C29: 0 | D29: 0 | E29: 0 | F29: 0 | G29: =SUM(C29:F29) -> 0
B30: Entertainment | C30: 0 | D30: 0 | E30: 0 | F30: 0 | G30: =SUM(C30:F30) -> 0
B31: Travel | C31: 0 | D31: 0 | E31: 0 | F31: 0 | G31: =SUM(C31:F31) -> 0
B32: Fitness | C32: 0 | D32: 0 | E32: 0 | F32: 0 | G32: =SUM(C32:F32) -> 0
B33: TOTAL DISCRETIONARY | C33: =SUM(C28:C32) -> 0 | D33: =SUM(D28:D32) -> 0 | E33: =SUM(E28:E32) -> 0 | F33: =SUM(F28:F32) -> 0 | G33: =SUM(C33:F33) -> 0
B35: CASH AVAILABLE | C35: Week 1 | D35: Week 2 | E35: Week 3 | F35: Week 4 | G35: MONTHLY TOTAL
B36: Monthly Cash | C36: =C8-C25-C33 -> 0 | D36: =D8-D25-D33 -> 0 | E36: =E8-E25-E33 -> 0 | F36: =F8-F25-F33 -> 0 | G36: =SUM(C36:F36) -> 0

Sheet August
B1: =HYPERLINK("#'Yearly Budget'!B3","← Back to Monthly Budget") -> ← Back to Monthly Budget
B2: AUGUST 2026 - WEEKLY BUDGET
B4: INCOME TYPE | C4: Week 1 | D4: Week 2 | E4: Week 3 | F4: Week 4 | G4: MONTHLY TOTAL
B5: PRIMARY Income | C5: 0 | D5: 0 | E5: 0 | F5: 0 | G5: =SUM(C5:F5) -> 0
B6: JOINT Income | C6: 0 | D6: 0 | E6: 0 | F6: 0 | G6: =SUM(C6:F6) -> 0
B7: OTHER Income | C7: 0 | D7: 0 | E7: 0 | F7: 0 | G7: =SUM(C7:F7) -> 0
B8: TOTAL INCOME | C8: =SUM(C5:C7) -> 0 | D8: =SUM(D5:D7) -> 0 | E8: =SUM(E5:E7) -> 0 | F8: =SUM(F5:F7) -> 0 | G8: =SUM(C8:F8) -> 0
B10: EXPENSES | C10: Week 1 | D10: Week 2 | E10: Week 3 | F10: Week 4 | G10: MONTHLY TOTAL
B11: Housing (Rent or Mortgage) | C11: 0 | D11: 0 | E11: 0 | F11: 0 | G11: =SUM(C11:F11) -> 0
B12: Grocery | C12: 0 | D12: 0 | E12: 0 | F12: 0 | G12: =SUM(C12:F12) -> 0
B13: Car Payment | C13: 0 | D13: 0 | E13: 0 | F13: 0 | G13: =SUM(C13:F13) -> 0
B14: Insurance | C14: 0 | D14: 0 | E14: 0 | F14: 0 | G14: =SUM(C14:F14) -> 0
B15: House Insurance | C15: 0 | D15: 0 | E15: 0 | F15: 0 | G15: =SUM(C15:F15) -> 0
B16: Student Loan | C16: 0 | D16: 0 | E16: 0 | F16: 0 | G16: =SUM(C16:F16) -> 0
B17: Cell Phone | C17: 0 | D17: 0 | E17: 0 | F17: 0 | G17: =SUM(C17:F17) -> 0
B18: Cable/Streaming | C18: 0 | D18: 0 | E18: 0 | F18: 0 | G18: =SUM(C18:F18) -> 0
B19: Internet | C19: 0 | D19: 0 | E19: 0 | F19: 0 | G19: =SUM(C19:F19) -> 0
B20: Electricity | C20: 0 | D20: 0 | E20: 0 | F20: 0 | G20: =SUM(C20:F20) -> 0
B21: Water | C21: 0 | D21: 0 | E21: 0 | F21: 0 | G21: =SUM(C21:F21) -> 0
B22: Gas for Vehicles | C22: 0 | D22: 0 | E22: 0 | F22: 0 | G22: =SUM(C22:F22) -> 0
... B24: Savings | C24: 0 | D24: 0 | E24: 0 | F24: 0 | G24: =SUM(C24:F24) -> 0
B25: TOTAL EXPENSES | C25: =SUM(C11:C24) -> 0 | D25: =SUM(D11:D24) -> 0 | E25: =SUM(E11:E24) -> 0 | F25: =SUM(F11:F24) -> 0 | G25: =SUM(C25:F25) -> 0
B27: DISCRETIONARY EXPENSES | C27: Week 1 | D27: Week 2 | E27: Week 3 | F27: Week 4 | G27: MONTHLY TOTAL
B28: Clothes | C28: 0 | D28: 0 | E28: 0 | F28: 0 | G28: =SUM(C28:F28) -> 0
B29: Dining | C29: 0 | D29: 0 | E29: 0 | F29: 0 | G29: =SUM(C29:F29) -> 0
B30: Entertainment | C30: 0 | D30: 0 | E30: 0 | F30: 0 | G30: =SUM(C30:F30) -> 0
B31: Travel | C31: 0 | D31: 0 | E31: 0 | F31: 0 | G31: =SUM(C31:F31) -> 0
B32: Fitness | C32: 0 | D32: 0 | E32: 0 | F32: 0 | G32: =SUM(C32:F32) -> 0
B33: TOTAL DISCRETIONARY | C33: =SUM(C28:C32) -> 0 | D33: =SUM(D28:D32) -> 0 | E33: =SUM(E28:E32) -> 0 | F33: =SUM(F28:F32) -> 0 | G33: =SUM(C33:F33) -> 0
B35: CASH AVAILABLE | C35: Week 1 | D35: Week 2 | E35: Week 3 | F35: Week 4 | G35: MONTHLY TOTAL
B36: Monthly Cash | C36: =C8-C25-C33 -> 0 | D36: =D8-D25-D33 -> 0 | E36: =E8-E25-E33 -> 0 | F36: =F8-F25-F33 -> 0 | G36: =SUM(C36:F36) -> 0

Sheet September
B1: =HYPERLINK("#'Yearly Budget'!B3","← Back to Monthly Budget") -> ← Back to Monthly Budget
B2: SEPTEMBER 2026 - WEEKLY BUDGET
B4: INCOME TYPE | C4: Week 1 | D4: Week 2 | E4: Week 3 | F4: Week 4 | G4: MONTHLY TOTAL
B5: PRIMARY Income | C5: 0 | D5: 0 | E5: 0 | F5: 0 | G5: =SUM(C5:F5) -> 0
B6: JOINT Income | C6: 0 | D6: 0 | E6: 0 | F6: 0 | G6: =SUM(C6:F6) -> 0
B7: OTHER Income | C7: 0 | D7: 0 | E7: 0 | F7: 0 | G7: =SUM(C7:F7) -> 0
B8: TOTAL INCOME | C8: =SUM(C5:C7) -> 0 | D8: =SUM(D5:D7) -> 0 | E8: =SUM(E5:E7) -> 0 | F8: =SUM(F5:F7) -> 0 | G8: =SUM(C8:F8) -> 0
B10: EXPENSES | C10: Week 1 | D10: Week 2 | E10: Week 3 | F10: Week 4 | G10: MONTHLY TOTAL
B11: Housing (Rent or Mortgage) | C11: 0 | D11: 0 | E11: 0 | F11: 0 | G11: =SUM(C11:F11) -> 0
B12: Grocery | C12: 0 | D12: 0 | E12: 0 | F12: 0 | G12: =SUM(C12:F12) -> 0
B13: Car Payment | C13: 0 | D13: 0 | E13: 0 | F13: 0 | G13: =SUM(C13:F13) -> 0
B14: Insurance | C14: 0 | D14: 0 | E14: 0 | F14: 0 | G14: =SUM(C14:F14) -> 0
B15: House Insurance | C15: 0 | D15: 0 | E15: 0 | F15: 0 | G15: =SUM(C15:F15) -> 0
B16: Student Loan | C16: 0 | D16: 0 | E16: 0 | F16: 0 | G16: =SUM(C16:F16) -> 0
B17: Cell Phone | C17: 0 | D17: 0 | E17: 0 | F17: 0 | G17: =SUM(C17:F17) -> 0
B18: Cable/Streaming | C18: 0 | D18: 0 | E18: 0 | F18: 0 | G18: =SUM(C18:F18) -> 0
B19: Internet | C19: 0 | D19: 0 | E19: 0 | F19: 0 | G19: =SUM(C19:F19) -> 0
B20: Electricity | C20: 0 | D20: 0 | E20: 0 | F20: 0 | G20: =SUM(C20:F20) -> 0
B21: Water | C21: 0 | D21: 0 | E21: 0 | F21: 0 | G21: =SUM(C21:F21) -> 0
B22: Gas for Vehicles | C22: 0 | D22: 0 | E22: 0 | F22: 0 | G22: =SUM(C22:F22) -> 0
... B24: Savings | C24: 0 | D24: 0 | E24: 0 | F24: 0 | G24: =SUM(C24:F24) -> 0
B25: TOTAL EXPENSES | C25: =SUM(C11:C24) -> 0 | D25: =SUM(D11:D24) -> 0 | E25: =SUM(E11:E24) -> 0 | F25: =SUM(F11:F24) -> 0 | G25: =SUM(C25:F25) -> 0
B27: DISCRETIONARY EXPENSES | C27: Week 1 | D27: Week 2 | E27: Week 3 | F27: Week 4 | G27: MONTHLY TOTAL
B28: Clothes | C28: 0 | D28: 0 | E28: 0 | F28: 0 | G28: =SUM(C28:F28) -> 0
B29: Dining | C29: 0 | D29: 0 | E29: 0 | F29: 0 | G29: =SUM(C29:F29) -> 0
B30: Entertainment | C30: 0 | D30: 0 | E30: 0 | F30: 0 | G30: =SUM(C30:F30) -> 0
B31: Travel | C31: 0 | D31: 0 | E31: 0 | F31: 0 | G31: =SUM(C31:F31) -> 0
B32: Fitness | C32: 0 | D32: 0 | E32: 0 | F32: 0 | G32: =SUM(C32:F32) -> 0
B33: TOTAL DISCRETIONARY | C33: =SUM(C28:C32) -> 0 | D33: =SUM(D28:D32) -> 0 | E33: =SUM(E28:E32) -> 0 | F33: =SUM(F28:F32) -> 0 | G33: =SUM(C33:F33) -> 0
B35: CASH AVAILABLE | C35: Week 1 | D35: Week 2 | E35: Week 3 | F35: Week 4 | G35: MONTHLY TOTAL
B36: Monthly Cash | C36: =C8-C25-C33 -> 0 | D36: =D8-D25-D33 -> 0 | E36: =E8-E25-E33 -> 0 | F36: =F8-F25-F33 -> 0 | G36: =SUM(C36:F36) -> 0

Sheet October
B1: =HYPERLINK("#'Yearly Budget'!B3","← Back to Monthly Budget") -> ← Back to Monthly Budget
B2: OCTOBER 2026 - WEEKLY BUDGET
B4: INCOME TYPE | C4: Week 1 | D4: Week 2 | E4: Week 3 | F4: Week 4 | G4: MONTHLY TOTAL
B5: PRIMARY Income | C5: 0 | D5: 0 | E5: 0 | F5: 0 | G5: =SUM(C5:F5) -> 0
B6: JOINT Income | C6: 0 | D6: 0 | E6: 0 | F6: 0 | G6: =SUM(C6:F6) -> 0
B7: OTHER Income | C7: 0 | D7: 0 | E7: 0 | F7: 0 | G7: =SUM(C7:F7) -> 0
B8: TOTAL INCOME | C8: =SUM(C5:C7) -> 0 | D8: =SUM(D5:D7) -> 0 | E8: =SUM(E5:E7) -> 0 | F8: =SUM(F5:F7) -> 0 | G8: =SUM(C8:F8) -> 0
B10: EXPENSES | C10: Week 1 | D10: Week 2 | E10: Week 3 | F10: Week 4 | G10: MONTHLY TOTAL
B11: Housing (Rent or Mortgage) | C11: 0 | D11: 0 | E11: 0 | F11: 0 | G11: =SUM(C11:F11) -> 0
B12: Grocery | C12: 0 | D12: 0 | E12: 0 | F12: 0 | G12: =SUM(C12:F12) -> 0
B13: Car Payment | C13: 0 | D13: 0 | E13: 0 | F13: 0 | G13: =SUM(C13:F13) -> 0
B14: Insurance | C14: 0 | D14: 0 | E14: 0 | F14: 0 | G14: =SUM(C14:F14) -> 0
B15: House Insurance | C15: 0 | D15: 0 | E15: 0 | F15: 0 | G15: =SUM(C15:F15) -> 0
B16: Student Loan | C16: 0 | D16: 0 | E16: 0 | F16: 0 | G16: =SUM(C16:F16) -> 0
B17: Cell Phone | C17: 0 | D17: 0 | E17: 0 | F17: 0 | G17: =SUM(C17:F17) -> 0
B18: Cable/Streaming | C18: 0 | D18: 0 | E18: 0 | F18: 0 | G18: =SUM(C18:F18) -> 0
B19: Internet | C19: 0 | D19: 0 | E19: 0 | F19: 0 | G19: =SUM(C19:F19) -> 0
B20: Electricity | C20: 0 | D20: 0 | E20: 0 | F20: 0 | G20: =SUM(C20:F20) -> 0
B21: Water | C21: 0 | D21: 0 | E21: 0 | F21: 0 | G21: =SUM(C21:F21) -> 0
B22: Gas for Vehicles | C22: 0 | D22: 0 | E22: 0 | F22: 0 | G22: =SUM(C22:F22) -> 0
... B24: Savings | C24: 0 | D24: 0 | E24: 0 | F24: 0 | G24: =SUM(C24:F24) -> 0
B25: TOTAL EXPENSES | C25: =SUM(C11:C24) -> 0 | D25: =SUM(D11:D24) -> 0 | E25: =SUM(E11:E24) -> 0 | F25: =SUM(F11:F24) -> 0 | G25: =SUM(C25:F25) -> 0
B27: DISCRETIONARY EXPENSES | C27: Week 1 | D27: Week 2 | E27: Week 3 | F27: Week 4 | G27: MONTHLY TOTAL
B28: Clothes | C28: 0 | D28: 0 | E28: 0 | F28: 0 | G28: =SUM(C28:F28) -> 0
B29: Dining | C29: 0 | D29: 0 | E29: 0 | F29: 0 | G29: =SUM(C29:F29) -> 0
B30: Entertainment | C30: 0 | D30: 0 | E30: 0 | F30: 0 | G30: =SUM(C30:F30) -> 0
B31: Travel | C31: 0 | D31: 0 | E31: 0 | F31: 0 | G31: =SUM(C31:F31) -> 0
B32: Fitness | C32: 0 | D32: 0 | E32: 0 | F32: 0 | G32: =SUM(C32:F32) -> 0
B33: TOTAL DISCRETIONARY | C33: =SUM(C28:C32) -> 0 | D33: =SUM(D28:D32) -> 0 | E33: =SUM(E28:E32) -> 0 | F33: =SUM(F28:F32) -> 0 | G33: =SUM(C33:F33) -> 0
B35: CASH AVAILABLE | C35: Week 1 | D35: Week 2 | E35: Week 3 | F35: Week 4 | G35: MONTHLY TOTAL
B36: Monthly Cash | C36: =C8-C25-C33 -> 0 | D36: =D8-D25-D33 -> 0 | E36: =E8-E25-E33 -> 0 | F36: =F8-F25-F33 -> 0 | G36: =SUM(C36:F36) -> 0

Sheet November
B1: ← Back to Monthly Budget
B2: NOVEMBER 2026 - WEEKLY BUDGET
B4: INCOME TYPE | C4: Week 1 | D4: Week 2 | E4: Week 3 | F4: Week 4 | G4: MONTHLY TOTAL
B5: PRIMARY Income | C5: 0 | D5: 0 | E5: 0 | F5: 0 | G5: =SUM(C5:F5) -> 0
B6: JOINT Income | C6: 0 | D6: 0 | E6: 0 | F6: 0 | G6: =SUM(C6:F6) -> 0
B7: OTHER Income | C7: 0 | D7: 0 | E7: 0 | F7: 0 | G7: =SUM(C7:F7) -> 0
B8: TOTAL INCOME | C8: =SUM(C5:C7) -> 0 | D8: =SUM(D5:D7) -> 0 | E8: =SUM(E5:E7) -> 0 | F8: =SUM(F5:F7) -> 0 | G8: =SUM(C8:F8) -> 0
B10: EXPENSES | C10: Week 1 | D10: Week 2 | E10: Week 3 | F10: Week 4 | G10: MONTHLY TOTAL
B11: Housing (Rent or Mortgage) | C11: 0 | D11: 0 | E11: 0 | F11: 0 | G11: =SUM(C11:F11) -> 0
B12: Grocery | C12: 0 | D12: 0 | E12: 0 | F12: 0 | G12: =SUM(C12:F12) -> 0
B13: Car Payment | C13: 0 | D13: 0 | E13: 0 | F13: 0 | G13: =SUM(C13:F13) -> 0
B14: Insurance | C14: 0 | D14: 0 | E14: 0 | F14: 0 | G14: =SUM(C14:F14) -> 0
B15: House Insurance | C15: 0 | D15: 0 | E15: 0 | F15: 0 | G15: =SUM(C15:F15) -> 0
B16: Student Loan | C16: 0 | D16: 0 | E16: 0 | F16: 0 | G16: =SUM(C16:F16) -> 0
B17: Cell Phone | C17: 0 | D17: 0 | E17: 0 | F17: 0 | G17: =SUM(C17:F17) -> 0
B18: Cable/Streaming | C18: 0 | D18: 0 | E18: 0 | F18: 0 | G18: =SUM(C18:F18) -> 0
B19: Internet | C19: 0 | D19: 0 | E19: 0 | F19: 0 | G19: =SUM(C19:F19) -> 0
B20: Electricity | C20: 0 | D20: 0 | E20: 0 | F20: 0 | G20: =SUM(C20:F20) -> 0
B21: Water | C21: 0 | D21: 0 | E21: 0 | F21: 0 | G21: =SUM(C21:F21) -> 0
B22: Gas for Vehicles | C22: 0 | D22: 0 | E22: 0 | F22: 0 | G22: =SUM(C22:F22) -> 0
... B24: Savings | C24: 0 | D24: 0 | E24: 0 | F24: 0 | G24: =SUM(C24:F24) -> 0
B25: TOTAL EXPENSES | C25: =SUM(C11:C24) -> 0 | D25: =SUM(D11:D24) -> 0 | E25: =SUM(E11:E24) -> 0 | F25: =SUM(F11:F24) -> 0 | G25: =SUM(C25:F25) -> 0
B27: DISCRETIONARY EXPENSES | C27: Week 1 | D27: Week 2 | E27: Week 3 | F27: Week 4 | G27: MONTHLY TOTAL
B28: Clothes | C28: 0 | D28: 0 | E28: 0 | F28: 0 | G28: =SUM(C28:F28) -> 0
B29: Dining | C29: 0 | D29: 0 | E29: 0 | F29: 0 | G29: =SUM(C29:F29) -> 0
B30: Entertainment | C30: 0 | D30: 0 | E30: 0 | F30: 0 | G30: =SUM(C30:F30) -> 0
B31: Travel | C31: 0 | D31: 0 | E31: 0 | F31: 0 | G31: =SUM(C31:F31) -> 0
B32: Fitness | C32: 0 | D32: 0 | E32: 0 | F32: 0 | G32: =SUM(C32:F32) -> 0
B33: TOTAL DISCRETIONARY | C33: =SUM(C28:C32) -> 0 | D33: =SUM(D28:D32) -> 0 | E33: =SUM(E28:E32) -> 0 | F33: =SUM(F28:F32) -> 0 | G33: =SUM(C33:F33) -> 0
B35: CASH AVAILABLE | C35: Week 1 | D35: Week 2 | E35: Week 3 | F35: Week 4 | G35: MONTHLY TOTAL
B36: Monthly Cash | C36: =C8-C25-C33 -> 0 | D36: =D8-D25-D33 -> 0 | E36: =E8-E25-E33 -> 0 | F36: =F8-F25-F33 -> 0 | G36: =SUM(C36:F36) -> 0

Sheet December
B1: ← Back to Monthly Budget
B2: DECEMBER 2026 - WEEKLY BUDGET
B4: INCOME TYPE | C4: Week 1 | D4: Week 2 | E4: Week 3 | F4: Week 4 | G4: MONTHLY TOTAL
B5: PRIMARY Income | C5: 0 | D5: 0 | E5: 0 | F5: 0 | G5: =SUM(C5:F5) -> 0
B6: JOINT Income | C6: 0 | D6: 0 | E6: 0 | F6: 0 | G6: =SUM(C6:F6) -> 0
B7: OTHER Income | C7: 0 | D7: 0 | E7: 0 | F7: 0 | G7: =SUM(C7:F7) -> 0
B8: TOTAL INCOME | C8: =SUM(C5:C7) -> 0 | D8: =SUM(D5:D7) -> 0 | E8: =SUM(E5:E7) -> 0 | F8: =SUM(F5:F7) -> 0 | G8: =SUM(C8:F8) -> 0
B10: EXPENSES | C10: Week 1 | D10: Week 2 | E10: Week 3 | F10: Week 4 | G10: MONTHLY TOTAL
B11: Housing (Rent or Mortgage) | C11: 0 | D11: 0 | E11: 0 | F11: 0 | G11: =SUM(C11:F11) -> 0
B12: Grocery | C12: 0 | D12: 0 | E12: 0 | F12: 0 | G12: =SUM(C12:F12) -> 0
B13: Car Payment | C13: 0 | D13: 0 | E13: 0 | F13: 0 | G13: =SUM(C13:F13) -> 0
B14: Insurance | C14: 0 | D14: 0 | E14: 0 | F14: 0 | G14: =SUM(C14:F14) -> 0
B15: House Insurance | C15: 0 | D15: 0 | E15: 0 | F15: 0 | G15: =SUM(C15:F15) -> 0
B16: Student Loan | C16: 0 | D16: 0 | E16: 0 | F16: 0 | G16: =SUM(C16:F16) -> 0
B17: Cell Phone | C17: 0 | D17: 0 | E17: 0 | F17: 0 | G17: =SUM(C17:F17) -> 0
B18: Cable/Streaming | C18: 0 | D18: 0 | E18: 0 | F18: 0 | G18: =SUM(C18:F18) -> 0
B19: Internet | C19: 0 | D19: 0 | E19: 0 | F19: 0 | G19: =SUM(C19:F19) -> 0
B20: Electricity | C20: 0 | D20: 0 | E20: 0 | F20: 0 | G20: =SUM(C20:F20) -> 0
B21: Water | C21: 0 | D21: 0 | E21: 0 | F21: 0 | G21: =SUM(C21:F21) -> 0
B22: Gas for Vehicles | C22: 0 | D22: 0 | E22: 0 | F22: 0 | G22: =SUM(C22:F22) -> 0
... B24: Savings | C24: 0 | D24: 0 | E24: 0 | F24: 0 | G24: =SUM(C24:F24) -> 0
B25: TOTAL EXPENSES | C25: =SUM(C11:C24) -> 0 | D25: =SUM(D11:D24) -> 0 | E25: =SUM(E11:E24) -> 0 | F25: =SUM(F11:F24) -> 0 | G25: =SUM(C25:F25) -> 0
B27: DISCRETIONARY EXPENSES | C27: Week 1 | D27: Week 2 | E27: Week 3 | F27: Week 4 | G27: MONTHLY TOTAL
B28: Clothes | C28: 0 | D28: 0 | E28: 0 | F28: 0 | G28: =SUM(C28:F28) -> 0
B29: Dining | C29: 0 | D29: 0 | E29: 0 | F29: 0 | G29: =SUM(C29:F29) -> 0
B30: Entertainment | C30: 0 | D30: 0 | E30: 0 | F30: 0 | G30: =SUM(C30:F30) -> 0
B31: Travel | C31: 0 | D31: 0 | E31: 0 | F31: 0 | G31: =SUM(C31:F31) -> 0
B32: Fitness | C32: 0 | D32: 0 | E32: 0 | F32: 0 | G32: =SUM(C32:F32) -> 0
B33: TOTAL DISCRETIONARY | C33: =SUM(C28:C32) -> 0 | D33: =SUM(D28:D32) -> 0 | E33: =SUM(E28:E32) -> 0 | F33: =SUM(F28:F32) -> 0 | G33: =SUM(C33:F33) -> 0
B35: CASH AVAILABLE | C35: Week 1 | D35: Week 2 | E35: Week 3 | F35: Week 4 | G35: MONTHLY TOTAL
B36: Monthly Cash | C36: =C8-C25-C33 -> 0 | D36: =D8-D25-D33 -> 0 | E36: =E8-E25-E33 -> 0 | F36: =F8-F25-F33 -> 0 | G36: =SUM(C36:F36) -> 0
